 Dungeon Crawl Stone Soup version 0.31-a0-237-g2d982f9f85 (webtiles) character file.

Game seed: 13741945788317575159

518 qw the Shooter (level 7, -8/41 HPs)
             Began as a Gargoyle Hexslinger on July 10, 2023.
             Mangled by Duvessa
             ... wielding a +0 short sword
              (12 damage)
             ... on level 5 of the Dungeon.
             The game lasted 00:01:41 (3395 turns).

qw the Shooter (Gargoyle Hexslinger)                Turns: 3395, Time: 00:01:42

Health: -8/41      AC: 12    Str: 16    XL:     7   Next: 21%
Magic:  8/8        EV: 11    Int: 18    God:
Gold:   159        SH:  0    Dex: 14    Spells: 7/8 levels left

rFire   . . .        Y - +2 sling
rCold   . . .        (no shield)
rNeg    + + .        h - +0 troll leather armour
rPois   inf          (no helmet)
rElec   +            p - +0 cloak
rCorr   .            (no gloves)
SInv    +            i - +1 pair of boots of Pusmifo {rPois rN+}
Will    +....        (no amulet)
Stlth   +            f - ring of willpower
HPRegen 1.06/turn    q - ring of Avafiop {+Blink Str+4 Int+5 SInv}
MPRegen 0.11/turn

%: no passive effects
@: about to teleport
A: sickness immunity, AC +4, negative energy resistance 1, electricity
resistance, torment resistance 1, petrification resistance
a: Evoke Blink


You were on level 5 of the Dungeon.
You visited 1 branch of the dungeon, and saw 5 of its levels.

You collected 203 gold pieces.
You spent 44 gold pieces at shops.


Innate Abilities, Weirdness & Mutations

You are immune to sickness and miasma.
Your stone body is resilient. (AC +4)
You are immune to poison.
You resist negative energy. (rN+)
You are resistant to electric shocks. (rElec)
You are resistant to unholy torment.
You are immune to petrification.


   Skills:
 + Level 3.6 Fighting
 - Level 6.7 Ranged Weapons
 - Level 1.1 Armour
 - Level 1.5 Dodging
 - Level 1.0 Spellcasting
 - Level 2.6 Hexes


You had 7 spell levels left.
You knew the following spells:

 Your Spells              Type           Power      Damage    Failure   Level
a - Slow                  Hex            40%        N/A       9%          1

Your spell library contained the following spells:

 Spells                   Type           Power      Damage    Failure   Level
 Inner Flame              Hex/Fire       5%         N/A       38%         3
 Portal Projectile        Hex/Tloc       10%        N/A       38%         3
 Cause Fear               Hex            5%         N/A       63%         4

Inventory:

Hand Weapons
 Y - a +2 sling (weapon)
Armour
 h - a +0 troll leather armour (worn)
 i - the +1 pair of boots of Pusmifo (worn) {rPois rN+}
   (You acquired it on level 2 of the Dungeon)

   rPois:     It protects you from poison.
   rN:        It protects you from negative energy.
 p - a +0 cloak (worn)
Jewellery
 f - a ring of willpower (left hand)
 q - the ring of Avafiop (right hand) {+Blink Str+4 Int+5 SInv}
   (You found it on level 3 of the Dungeon)

   [ring of see invisible]

   Str:       It affects your strength (+4).
   Int:       It affects your intelligence (+5).
   SInv:      It lets you see invisible.
   +Blink:    It lets you blink.
Scrolls
 e - 3 scrolls of teleportation
 j - a scroll of identify
Potions
 d - a potion of curing
 g - a potion of might {unknown}
 k - a potion of enlightenment {unknown}
 l - a potion of ambrosia {unknown}
 m - a potion of heal wounds {unknown}
 n - a potion of haste

Dungeon Overview and Level Annotations

Branches:
Dungeon (5/15)
 Temple: D:4-7

Altars:
Nemelex Xobeh
Sif Muna

Shops:
D:3 [?(

Annotations:
D:5 Duvessa


Message History

You shoot a sling bullet. The sling bullet hits the orc.
You kill the orc!
You shoot a sling bullet. The sling bullet hits Dowan.
Dowan is lightly wounded.
Dowan hits you but does no damage.
You shoot a sling bullet. The sling bullet hits Dowan!
Dowan is heavily wounded.
Dowan gestures at you while chanting. The puff of frost hits you!
You shoot a sling bullet. The sling bullet hits Dowan.
Dowan is heavily wounded.
Dowan barely misses you.
You shoot a sling bullet.
The sling bullet hits Duvessa but does no damage.
Dowan says, "Stay away from my face!"
You shoot a sling bullet.
The sling bullet hits Duvessa but does no damage.
Duvessa hits you but does no damage.
You shoot a sling bullet. The sling bullet barely misses Dowan.
Dowan hits you but does no damage. Duvessa hits you with a +0 short sword.
You shoot a sling bullet. The sling bullet hits Dowan.
Dowan is severely wounded.
Dowan hits you but does no damage. Duvessa hits you with a +0 short sword!
You shoot a sling bullet. The sling bullet hits Dowan.
Dowan is almost dead.
Dowan hits you but does no damage. Duvessa hits you with a +0 short sword.
You shoot a sling bullet. The sling bullet hits Dowan.
You kill Dowan!
Duvessa screams, "No!
How DARE you!"
Duvessa goes berserk!
Duvessa hits you with a +0 short sword!
You shoot a sling bullet. The sling bullet barely misses Duvessa.
Duvessa misses you. Duvessa hits you with a +0 short sword.
You shoot a sling bullet. The sling bullet barely misses Duvessa.
Duvessa hits you with a +0 short sword. Duvessa hits you with a +0 short sword!
3395 ||| READING 4 scrolls of teleportation.
As you read the scroll of teleportation, it crumbles to dust.
You feel strangely unstable. Duvessa hits you with a +0 short sword!
You die...

#.# #.# #.#
########.#########
#.####........#.......#
#..<......##....#####.#
######.##.#.....#
#.##.##....#
#.##.###.#.# #
#.......e#.#....
####....@)...#
#######.### ... ###


You could see Duvessa (berserk).

Vanquished Creatures
  Eustachio (D:4)
  An ogre (D:4)
  Dowan (D:5)
  An iguana (D:4)
  3 orc wizards (D:4)
  6 adders
  A worm (D:4)
  A dart slug (D:2)
  16 orcs
  9 ball pythons
  7 bats
  11 endoplasms
  4 giant cockroaches
  6 goblins
  3 hobgoblins
  5 kobolds
  5 frilled lizards
  7 rats
88 creatures vanquished.

Notes
Turn   | Place    | Note
-------+----------+-------------------------------------------
     0 | D:1      | qw the Gargoyle Hexslinger began the quest for the Orb.
     0 | D:1      | Reached XP level 1. HP: 12/12 MP: 2/2
     0 | D:1      | 0 ||| qw: Version: 0.3-a-52-g30416fa
     0 | D:1      | 0 ||| qw: Game counter: 4998
     0 | D:1      | 0 ||| qw: Melee chars always use a shield: true
     0 | D:1      | 0 ||| qw: God list: Okawaru
     0 | D:1      | 0 ||| qw: Allow faded altars: false
     0 | D:1      | 0 ||| qw: Do Orc after clearing Dungeon:15 true
     0 | D:1      | 0 ||| qw: Do second Lair branch before Depths: true
     0 | D:1      | 0 ||| qw: Lair rune preference: random
     0 | D:1      | 0 ||| qw: Goals: Normal
     0 | D:1      | 0 ||| PLANNING D:1-11
    62 | D:1      | 62 ||| Stepping ~*~*~tactically~*~*~ (outnumbered).
    69 | D:1      | Reached XP level 2. HP: 15/16 MP: 3/3
   120 | D:1      | Reached skill level 3 in Ranged Weapons
   147 | D:1      | Found a faded altar of an unknown god.
   247 | D:1      | Reached XP level 3. HP: 21/21 MP: 4/4
   495 | D:1      | 495 ||| UPGRADING to +0 leather armour.
   505 | D:1      | 505 ||| DROPPING +0 robe.
   506 | D:1      | 506 ||| UPGRADING to +0 ring mail.
   516 | D:1      | 516 ||| DROPPING +0 leather armour.
   517 | D:1      | 517 ||| UPGRADING to +0 troll leather armour.
   527 | D:1      | 527 ||| DROPPING +0 ring mail.
   528 | D:1      | 528 ||| READING scroll labelled MEOWIU CUJI.
   529 | D:1      | 529 ||| READING scroll labelled JOJOCUKLUJ.
   532 | D:1      | 532 ||| DROPPING scroll of poison.
  1330 | D:2      | 1330 ||| UPGRADING to ring of willpower.
  1331 | D:2      | 1331 ||| READING scroll labelled TEDDIKL EBAIN.
  1332 | D:2      | 1332 ||| READING scroll labelled XUD IMELYGGUWU.
  1332 | D:2      | Identified a scroll of acquirement
  1332 | D:2      | 1332 ||| ACQUIRING +1 pair of boots of Pusmifo {rPois rN+}
  1332 | D:2      | Acquired the +1 pair of boots of Pusmifo {rPois rN+}
  1334 | D:2      | 1334 ||| UPGRADING to +1 pair of boots of Pusmifo {rPois
                  | rN+}.
  1490 | D:3      | Found Heske's Antique Weapon Shoppe.
  1495 | D:3      | 1495 ||| SHOPLISTING glowing orcbow (136 gold, have 63).
  1529 | D:3      | Reached skill level 4 in Ranged Weapons
  1529 | D:3      | Reached XP level 4. HP: 26/26 MP: 5/5
  1573 | D:3      | Found Bibu's Magic Scroll Emporium.
  1582 | D:3      | 1582 ||| BUYING scroll of identify (22 gold).
  1582 | D:3      | Bought a scroll of identify for 22 gold pieces
  1582 | D:3      | 1582 ||| BUYING scroll of identify (22 gold).
  1582 | D:3      | Bought a scroll of identify for 22 gold pieces
  1582 | D:3      | 1582 ||| SHOPLISTING scroll of teleportation (33 gold, have
                  | 29).
  1748 | D:3      | Found Pujala's Antique Armour Shop.
  1757 | D:3      | 1757 ||| SHOPLISTING helmet (130 gold, have 39).
  1757 | D:3      | 1757 ||| SHOPLISTING runed helmet (217 gold, have 39).
  1767 | D:3      | Identified the ring of Avafiop {+Blink Str+4 Int+5 SInv}
  1810 | D:3      | Found a shimmering blue altar of Sif Muna.
  2170 | D:3      | Found a sparkling altar of Nemelex Xobeh.
  2280 | D:3      | 2280 ||| UPGRADING to +0 cloak.
  2285 | D:3      | 2285 ||| UPGRADING to ring of Avafiop {+Blink Str+4 Int+5
                  | SInv}.
  2286 | D:3      | 2286 ||| READING scroll labelled KABIZE KUCSAUZ.
  2287 | D:3      | 2287 ||| READING scroll labelled JEPHAO XANN.
  2288 | D:3      | 2288 ||| READING scroll labelled JOYRGH FATAH.
  2289 | D:3      | 2289 ||| DRINKING 2 grey potions.
  2290 | D:3      | 2290 ||| DRINKING 2 dark potions.
  2291 | D:3      | 2291 ||| READING 4 scrolls of identify.
  2291 | D:3      | 2291 ||| IDENTIFYING fuming puce potion
  2292 | D:3      | 2292 ||| READING 3 scrolls of identify.
  2292 | D:3      | 2292 ||| IDENTIFYING puce potion
  2293 | D:3      | 2293 ||| READING 2 scrolls of identify.
  2293 | D:3      | 2293 ||| IDENTIFYING green potion
  2294 | D:3      | 2294 ||| DROPPING potion of lignification.
  2295 | D:3      | 2295 ||| DROPPING potion of degeneration.
  2296 | D:3      | 2296 ||| DROPPING potion of brilliance.
  2412 | D:4      | Reached skill level 1 in Armour
  2454 | D:4      | Reached XP level 5. HP: 30/30 MP: 6/6
  2523 | D:4      | 2523 ||| Stepping ~*~*~tactically~*~*~ (outnumbered).
  2525 | D:4      | 2525 ||| Stepping ~*~*~tactically~*~*~ (outnumbered).
  2526 | D:4      | 2526 ||| Stepping ~*~*~tactically~*~*~ (outnumbered).
  2532 | D:4      | 2532 ||| Stepping ~*~*~tactically~*~*~ (outnumbered).
  2543 | D:4      | Reached skill level 5 in Ranged Weapons
  2565 | D:4      | Reached skill level 3 in Fighting
  2565 | D:4      | Reached XP level 6. HP: 37/37 MP: 7/7
  3021 | D:4      | Noticed Eustachio
  3051 | D:4      | HP: 9/37 [river rat[Eustachio] (4)]
  3052 | D:4      | 3052 ||| READING 4 scrolls of teleportation.
  3053 | D:4      | Killed Eustachio
  3054 | D:4      | Reached skill level 6 in Ranged Weapons
  3054 | D:4      | Reached XP level 7. HP: 9/41 MP: 8/8
  3300 | D:4      | 3300 ||| READING scroll labelled VEJYUL DEINORY.
  3301 | D:4      | 3301 ||| READING 3 scrolls of identify.
  3301 | D:4      | 3301 ||| IDENTIFYING lumpy red potion
  3302 | D:4      | 3302 ||| READING 2 scrolls of identify.
  3302 | D:4      | 3302 ||| IDENTIFYING smoky sapphire potion
  3303 | D:4      | 3303 ||| DROPPING potion of magic.
  3304 | D:4      | 3304 ||| DROPPING potion of berserk rage.
  3351 | D:5      | Entered Level 5 of the Dungeon
  3376 | D:5      | Noticed Duvessa
  3378 | D:5      | Noticed Dowan
  3392 | D:5      | Killed Dowan
  3394 | D:5      | HP: 3/41 [Duvessa/+0 short sword (11)]
  3395 | D:5      | 3395 ||| READING 4 scrolls of teleportation.
  3395 | D:5      | Mangled by Duvessa

Levels and vault maps discovered:
D:1:      minmay_arrival_jagged, layout_rooms,
          hellmonk_ecumenical_altar_leap_of_faith, minmay_tromino_v7
D:2:      layout_loops_corners
D:3:      layout_basic, nemelex_spade_bored_becter,
          mainiacjoe_overflow_surrounded_room, serial_shops, shop,
          shop_fountains, shop
D:4:      layout_basic, uniq_eustachio
D:5:      layout_loops_corners, zin_angel, overflow_temple_1_default,
          uniq_duvessa, uniq_pikel

Skill      XL: |  1  2  3  4  5  6 |
---------------+-------------------+-----
Ranged Weapons | 3 4 5 6 |  6.7
Fighting       | 2 3 |  3.6
Armour         | 1 |  1.1
Dodging        | |  1.5
Spellcasting   | |  1.0
Hexes          | |  2.6

Action                     |  1- 3 |  4- 6 |  7- 9 || total
---------------------------+-------+-------+-------++-------
   Fire: Sling             |   149 |   253 |    18 ||   420
    Use: Scroll            |     4 |     7 |     4 ||    15
         Potion            |       |     2 |       ||     2
 Armour: Robe              |    10 |       |       ||    10
         Troll leather arm |    23 |   142 |     6 ||   171
  Dodge: Dodged            |    43 |   177 |     3 ||   223

Table legend:
 A = Non-vault XP
 B = Vault XP
 C = Vault XP percentage of total XP
 D = Non-vault monster count
 E = Vault monster count
 F = Vault count percentage of total count
                 A         B        C        D         E       F
            +---------+---------+-------+---------+---------+-------
      Total |     472 |     268 |  36.2 |      83 |       5 |   5.7
            +---------+---------+-------+---------+---------+-------
        D:1 |      41 |       5 |  10.9 |      26 |       3 |  10.3
        D:2 |      31 |       0 |   0.0 |      11 |       0 |   0.0
        D:3 |      53 |       0 |   0.0 |      21 |       0 |   0.0
        D:4 |     344 |     197 |  36.4 |      24 |       1 |   4.0
        D:5 |       3 |      66 |  95.7 |       1 |       1 |  50.0
            +---------+---------+-------+---------+---------+-------
